 Dungeon Crawl Stone Soup version 0.29.0-5-ge4962eb29e (webtiles) character file.

Game seed: 16917922894920906190

1945 greasedhog the Skirmisher (level 9, -1/69 HPs)
             Began as a Gnoll Hunter on Aug 29, 2022.
             Hit by a javelin thrown by a centaur (10 damage)
             ... in a bailey.
             The game lasted 00:07:39 (6474 turns).

greasedhog the Skirmisher (Gnoll Hunter)            Turns: 6474, Time: 00:07:40

Health: -1/69      AC:  4    Str: 10    XL:     9   Next: 18%
Magic:  15/15      EV: 15    Int:  8    God:
Gold:   247        SH:  0    Dex: 21    Spells: 16/16 levels left

rFire   . . .      SeeInvis .   a - +0 shortbow
rCold   + . .      Faith    .   (shield currently unavailable)
rNeg    . . .      Spirit   .   o - +0 leather armour {rC+}
rPois   .          Reflect  .   i - +0 helmet
rElec   .          Harm     .   (no cloak)
rCorr   .          Rampage  .   (no gloves)
Will    .....                   (no boots)
Stlth   +++.......              (no amulet)
HPRegen 0.21/turn               (no ring)
MPRegen 0.14/turn               (no ring)

@: no status effects
A: fangs 1, strong nose, distributed training
a: no special abilities


You were in a bailey.
You visited 2 branches of the dungeon, and saw 8 of its levels.
You also visited: Bailey.

You collected 247 gold pieces.

Inventory:

Hand Weapons
 a - a +0 shortbow (weapon)
 t - a +0 spear
Armour
 i - a +0 helmet (worn)
 o - a +0 leather armour of cold resistance (worn)
Wands
 f - a wand of roots (6)
 h - a wand of flame (11)
 p - a wand of charming (7)
Scrolls
 b - a scroll of immolation
 c - 2 scrolls of fear
 d - 2 scrolls of poison
 e - 4 scrolls of vulnerability
 m - 3 scrolls of blinking
 n - 2 scrolls of enchant armour {unknown}
 s - 4 scrolls of teleportation
Potions
 g - 3 potions of curing
 j - a potion of might {unknown}
 k - 3 potions of attraction {unknown}
 l - 3 potions of degeneration {unknown}
 q - 2 potions of cancellation {unknown}
 r - 4 potions of lignification {unknown}


   Skills:
 + Level 6.2 Fighting
 + Level 4.1 Short Blades
 + Level 4.1 Long Blades
 + Level 4.1 Axes
 + Level 4.1 Maces & Flails
 + Level 4.1 Polearms
 + Level 4.1 Staves
 + Level 9.5 Ranged Weapons
 + Level 4.1 Throwing
 + Level 4.1 Armour
 + Level 6.2 Dodging
 + Level 4.8 Stealth
 + Level 4.1 Shields
 + Level 4.1 Unarmed Combat
 + Level 4.1 Spellcasting
 + Level 3.4 Conjurations
 + Level 3.4 Hexes
 + Level 3.4 Summonings
 + Level 3.4 Necromancy
 + Level 3.4 Translocations
 + Level 3.4 Transmutations
 + Level 3.4 Fire Magic
 + Level 3.4 Ice Magic
 + Level 3.4 Air Magic
 + Level 3.4 Earth Magic
 + Level 3.4 Poison Magic
 + Level 4.5 Invocations
 + Level 4.1 Evocations


You had 16 spell levels left.
You didn't know any spells.
Your spell library contained the following spells:

 Spells                   Type           Power      Damage    Failure   Level
 Sting                    Tmut/Pois      28%        1d4       10%         1
 Poisonous Vapours        Pois/Air       14%        N/A       14%         2
 Sublimation of Blood     Necr           7%         N/A       14%         2
 Olgreb's Toxic Radiance  Pois           7%         N/A       67%         4
 Petrify                  Tmut/Erth      7%         N/A       67%         4
 Irradiate                Conj/Tmut      3%         3d12      95%         5


Dungeon Overview and Level Annotations

Branches:
Dungeon (8/15)             Temple (1/1) D:4          Bailey (1/1)
   Lair: D:8-11

Altars:
Ashenzari
Cheibriados
Dithmenos
Elyvilon
Fedhas
Gozag
Kikubaaqudgha
Makhleb
Nemelex Xobeh
Okawaru
Qazlal
Trog
Vehumet
Wu Jian
Xom
Yredelemnul
Zin
The Shining One


Innate Abilities, Weirdness & Mutations

You have very sharp teeth.
Your uncanny sense of smell can sniff out nearby items.
Your experience applies equally to all skills.


Message History

Fire: a) +0 shortbow
Press: ? - help, Q - select action, (/) - cycle Shift-Dir - straight line, f/p - centaur
Aim: a centaur, wielding a +0 spear, wearing a +0 scale mail and quivering javelins (lightly wounded, 80% to hit)
You shoot an arrow. The arrow barely misses the centaur.
The centaur throws a javelin.
The javelin pierces through you but does no damage.
The orc warrior closely misses you.
Fire: a) +0 shortbow
Press: ? - help, Q - select action, (/) - cycle Shift-Dir - straight line, f/p - centaur
Aim: a centaur, wielding a +0 spear, wearing a +0 scale mail and quivering javelins (lightly wounded, 80% to hit)
You shoot an arrow.
The arrow hits the centaur but does no damage.
The centaur is lightly wounded.
The orc warrior hits you from afar with a +0 trident!
* * * LOW HITPOINT WARNING * * *
Fire: a) +0 shortbow
Press: ? - help, Q - select action, (/) - cycle Shift-Dir - straight line, f/p - centaur
Aim: a centaur, wielding a +0 spear, wearing a +0 scale mail and quivering javelins (lightly wounded, 80% to hit)
You shoot an arrow.
The arrow hits the centaur but does no damage.
The centaur is lightly wounded.
The orc warrior hits you but does no damage.
Fire: a) +0 shortbow
Press: ? - help, Q - select action, (/) - cycle Shift-Dir - straight line, f/p - centaur
Aim: a centaur, wielding a +0 spear, wearing a +0 scale mail and quivering javelins (lightly wounded, 80% to hit)
You shoot an arrow. The arrow hits the centaur.
The centaur is moderately wounded.
The orc warrior hits you but does no damage.
Fire: a) +0 shortbow
Press: ? - help, Q - select action, (/) - cycle Shift-Dir - straight line, f/p - centaur
Aim: a centaur, wielding a +0 spear, wearing a +0 scale mail and quivering javelins (moderately wounded, 80% to hit)
You shoot an arrow. The arrow hits the centaur.
The centaur is severely wounded.
The centaur throws a javelin.
The javelin misses you.
The orc warrior hits you from afar with a +0 trident!
* * * LOW HITPOINT WARNING * * *
The orc warrior hits you from afar with a +0 trident.
* * * LOW HITPOINT WARNING * * *
The centaur throws a javelin.
The javelin pierces through you!
You die...

≈≈≈≈≈≈≈≈≈##
..c.......##
..o.......$#
##########'####
#####c...........≈#
##..o)≈≈≈≈≈≈≈≈≈...≈#
#.⌠.≈≈≈.......≈≈..≈##
#..≈≈..≈≈≈≈≈≈≈)...≈≈#
#.≈≈@≈≈≈.....≈≈≈...≈≈
##.≈.≈≈..≈≈≈≈≈..≈≈..⌠≈
#.≈≈)≈.≈≈≈...≈≈≈.≈≈..≈
#.≈.≈≈.≈..⌠.⌠..≈≈.≈...
#.≈...)≈..∩∩∩.....≈...
#.≈.≈≈.≈..⌠.⌠..≈≈.≈...
#.≈≈.≈.≈≈≈...≈≈≈.≈≈..≈
##.≈.≈≈..≈≈≈≈≈..≈≈..⌠≈
#.≈≈.≈≈≈.....≈≈≈...≈≈


You could see an orc warrior and a centaur.

Vanquished Creatures
  Grinder (D:3)
  Sigmund (D:5)
  A wyvern (D:6)
  2 black bears
  2 ice beasts
  2 ogres
  A centaur (Bailey)
  2 scorpions
  A lava snake (D:8)
  2 jellies (D:5)
  2 orc priests (D:3)
  3 hounds
  4 iguanas
  Natasha (thrice) (D:3)
  An orc wizard (D:4)
  13 adders
  3 shadow imps
  3 white imps
  4 ufetubi
  2 dart slugs (D:1)
  15 orcs
  4 endoplasms
  9 goblins
  9 hobgoblins
  7 jackals
  2 quokkas
  4 ball pythons
  8 bats
  5 rats
116 creatures vanquished.

Vanquished Creatures (others)
  A demonic plant (D:4)
  4 plants (D:6)
5 creatures vanquished.

Grand Total: 121 creatures vanquished

Notes
Turn   | Place    | Note
-------+----------+-------------------------------------------
     0 | D:1      | greasedhog the Gnoll Hunter began the quest for the Orb.
     0 | D:1      | Reached XP level 1. HP: 20/20 MP: 1/1
   221 | D:1      | Reached XP level 2. HP: 26/26 MP: 2/2
   621 | D:1      | Found a faded altar of an unknown god.
   688 | D:2      | Reached XP level 3. HP: 31/31 MP: 2/4
   723 | D:2      | Reached skill level 1 in Invocations
  1109 | D:2      | Reached skill level 1 in Short Blades
  1109 | D:2      | Reached skill level 1 in Long Blades
  1109 | D:2      | Reached skill level 1 in Axes
  1109 | D:2      | Reached skill level 1 in Maces & Flails
  1109 | D:2      | Reached skill level 1 in Polearms
  1109 | D:2      | Reached skill level 1 in Staves
  1109 | D:2      | Reached skill level 1 in Throwing
  1109 | D:2      | Reached skill level 1 in Armour
  1109 | D:2      | Reached skill level 1 in Shields
  1109 | D:2      | Reached skill level 1 in Unarmed Combat
  1109 | D:2      | Reached skill level 1 in Spellcasting
  1109 | D:2      | Reached skill level 1 in Evocations
  1256 | D:2      | Reached XP level 4. HP: 38/38 MP: 5/5
  1600 | D:3      | Reached skill level 1 in Conjurations
  1600 | D:3      | Reached skill level 1 in Hexes
  1600 | D:3      | Reached skill level 1 in Summonings
  1600 | D:3      | Reached skill level 1 in Necromancy
  1600 | D:3      | Reached skill level 1 in Translocations
  1600 | D:3      | Reached skill level 1 in Transmutations
  1600 | D:3      | Reached skill level 1 in Fire Magic
  1600 | D:3      | Reached skill level 1 in Ice Magic
  1600 | D:3      | Reached skill level 1 in Air Magic
  1600 | D:3      | Reached skill level 1 in Earth Magic
  1600 | D:3      | Reached skill level 1 in Poison Magic
  1858 | D:3      | Noticed Grinder
  1868 | D:3      | Paralysed by Grinder for 2 turns
  1882 | D:3      | Paralysed by Grinder for 4 turns
  2125 | D:3      | Reached XP level 5. HP: 12/43 MP: 5/7
  2396 | D:3      | Paralysed by Grinder for 5 turns
  2405 | D:3      | Killed Grinder
  2406 | D:3      | Reached skill level 5 in Fighting
  2406 | D:3      | Reached skill level 5 in Dodging
  2406 | D:3      | Reached XP level 6. HP: 15/51 MP: 7/9
  2614 | D:3      | Noticed Natasha
  2620 | D:3      | Killed Natasha
  2773 | D:3      | Noticed Natasha
  2780 | D:3      | Killed Natasha
  2949 | D:3      | Noticed Natasha
  2954 | D:3      | Killed Natasha
  3234 | D:3      | Reached XP level 7. HP: 35/56 MP: 10/10
  3585 | D:4      | Found a stormy altar of Qazlal.
  3838 | D:4      | Reached skill level 9 in Ranged Weapons
  4290 | D:4      | Found a staircase to the Ecumenical Temple.
  4299 | Temple   | Entered the Ecumenical Temple
  4495 | D:4      | Reached XP level 8. HP: 60/63 MP: 12/12
  4690 | D:5      | Entered Level 5 of the Dungeon
  5163 | D:5      | Found an ancient bone altar of Kikubaaqudgha.
  5476 | D:5      | Noticed Sigmund
  5491 | D:5      | Killed Sigmund
  5955 | D:6      | Noticed a wyvern
  5965 | D:6      | Killed a wyvern
  5966 | D:6      | Reached XP level 9. HP: 51/69 MP: 13/15
  6128 | D:6      | You fall into a shaft and drop 2 floors!
  6240 | D:8      | Found a flagged portal.
  6278 | Bailey   | Entered a bailey
  6474 | Bailey   | Hit by a javelin thrown by a centaur

Illustrated notes

Levels and vault maps discovered:
D:1:      amcnicky_arrival_gap_in_the_tavern_cellar, layout_loops_ring,
          hellmonk_ecumenical_altar_leap_of_faith, roderic_malta_cross
D:2:      layout_basic
D:3:      layout_loops_ring, minmay_misc_feat_cross, uniq_natasha, uniq_grinder
D:4:      black_bear_nest_2, layout_cave_pods, nicolae_qazlal_scattered_showers,
          minmay_temple_entry_large_hall, serial_demonic, serial_demonic_c,
          serial_demonic_f, serial_demonic_d, serial_demonic_f
D:5:      minmay_general_purpose_star, layout_loops_ring,
          mainiacjoe_overflow_alcove_4, kennysheep_generic_room_11, uniq_sigmund
D:6:      layout_rooms, jmf_multi_god_temple2, serial_bayou_ford_a
D:8:      kennysheep_kobold_camp, layout_rooms, lair_entry_dummy, serial_shops,
          nicolae_shop_waterfront, nicolae_stop_n_shop_2,
          nicolae_lakefront_shop, enter_bailey_4, kennysheep_cluttered_room,
          minmay_misc_feat_ornament, minmay_manual_monstrance
Temple:   regret_index_temple_sphere_string
Bailey:   bailey_polearm_flooded_kennysheep, bailey

Skill      XL: |  1  2  3  4  5  6  7  8 |
---------------+-------------------------+-----
Invocations    | 1 2 3 4 |  4.5
Short Blades   | 1 2 3 4 |  4.1
Long Blades    | 1 2 3 4 |  4.1
Axes           | 1 2 3 4 |  4.1
Maces & Flails | 1 2 3 4 |  4.1
Polearms       | 1 2 3 4 |  4.1
Staves         | 1 2 3 4 |  4.1
Throwing       | 1 2 3 4 |  4.1
Armour         | 1 2 3 4 |  4.1
Shields        | 1 2 3 4 |  4.1
Unarmed Combat | 1 2 3 4 |  4.1
Spellcasting   | 1 2 3 4 |  4.1
Evocations     | 1 2 3 4 |  4.1
Conjurations   | 1 2 3 |  3.4
Hexes          | 1 2 3 |  3.4
Summonings     | 1 2 3 |  3.4
Necromancy     | 1 2 3 |  3.4
Translocations | 1 2 3 |  3.4
Transmutations | 1 2 3 |  3.4
Fire Magic     | 1 2 3 |  3.4
Ice Magic      | 1 2 3 |  3.4
Air Magic      | 1 2 3 |  3.4
Earth Magic    | 1 2 3 |  3.4
Poison Magic   | 1 2 3 |  3.4
Fighting       | 5 6 |  6.2
Dodging        | 5 6 |  6.2
Stealth        | 3 4 |  4.8
Ranged Weapons | 9 |  9.5

Action                   |  1- 3 |  4- 6 |  7- 9 || total
-------------------------+-------+-------+-------++-------
 Fire: Shortbow          |    62 |    90 |   333 ||   485
  Use: Scroll            |     3 |     2 |     2 ||     7
       Potion            |       |     1 |       ||     1
Armor: Ring mail         |     5 |     8 |     2 ||    15
       Leather armour    |       |       |    35 ||    35
Dodge: Dodged            |    12 |    17 |   125 ||   154
